[Event "Late-Titled-Tuesday-Blitz-May-28-2024"]
[Site "Chess.com"]
[Date "2024.05.28"]
[Round "8"]
[White "Cuchulin"]
[Black "TokChess"]
[Result "1-0"]
[WhiteElo "2250"]
[BlackElo "2481"]
[TimeControl "180+1"]
[EndTime "15:28:15 PDT"]
[Termination "Cuchulin won on time"]

1. d4 c5 2. c3 cxd4 3. cxd4 d5 4. Nc3 Nc6 5. Bf4 a6 6. e3 Nf6 7.
Nf3 Bg4 8. h3 Bxf3 9. Qxf3 e6 10.
Bd3 Bd6 11. Bxd6 Qxd6 12. O-O O-O 13. a3 Rfc8 14. Rac1 Na5 15. Qe2 Nc4 16. Na4 b5 17. Nc5 Nd7 18. b4 Nxa3 19. Ra1 Nc4 20. Ra2 Nxc5 21.
dxc5 Qc6 22. e4 a5 23. exd5 exd5 24. bxa5 Qxc5 25. a6 Na3 26. Qb2 Rxa6 27. Rfa1 Rca8 28. Bxb5 Ra5 29. Bd3 g6 30. Rc1 Nc4 31. Bxc4 dxc4 32. Rxa5 Rxa5 33. Qb8+ Kg7 34. Qf4 c3 35. Qf3 c2 36. Qb3 Ra3 37. Qb2+ Kg8 38. Rxc2 1-0

[Event "Late-Titled-Tuesday-Blitz-May-28-2024"]
[Site "Chess.com"]
[Date "2024.05.28"]
[Round "8"]
[White "Navyblue1"]
[Black "maurovargas01"]
[Result "1-0"]
[WhiteElo "2229"]
[BlackElo "1928"]
[TimeControl "180+1"]
[EndTime "15:28:15 PDT"]
[Termination "Navyblue1 won by resignation"]

1. d4 Nf6 2. c4 e6 3. Nf3 c5 4. d5 b5 5. dxe6 fxe6 6. cxb5 a6 7. e3 Be7 8. Nc3 O-O 9. a4 Qa5 10. Bd2 axb5 11. Bxb5 Nc6 12. O-O Qc7 13. e4 Nd4 14. Be3 Nxb5 15. axb5 Ng4 16. h3 Rxf3 17. hxg4 Rf6 18.
Rxa8 Bd6 19. Rxc8+ Qxc8 20. Qxd6 c4 21. Rd1 Rf7 22.
b6 Qb7 23. Qc7 d5 24. Qxb7 Rxb7 25. exd5 exd5 26. Rxd5 Kf7 27. g3 h6 28. Rc5 Ke6 29.
Rxc4 g5 30. Rc7 Rb8 31. Kg2 Kd6 32. Rh7 Ke5 33. Rxh6 Rb7 34. Rh5 Kf6 35. Rxg5 Rxb6 36.
Rf5+ Ke6 37. Bxb6 1-0

[Event "Late-Titled-Tuesday-Blitz-May-28-2024"]
[Site "Chess.com"]
[Date "2024.05.28"]
[Round "8"]
[White "RaugintaBulba"]
[Black "Zq1"]
[Result "1-0"]
[WhiteElo "2452"]
[BlackElo "2529"]
[TimeControl "180+1"]
[EndTime "15:28:18 PDT"]
[Termination "RaugintaBulba won on time"]

1. d4 Nf6 2. c4 a6 3. Nf3 e6 4. g3 b5 5. cxb5 axb5 6. Bg2 Bb7 7. O-O Na6 8. Nc3 b4 9. Na4 Be7 10. b3 O-O 11. Bb2 d5 12. Ne5 c5 13.
dxc5 Nxc5 14. Nxc5 Bxc5 15. Nd3 Be7 16. Qd2 Qb6 17.
Rfc1 h6 18. Be5 Ne4 19. Qb2 Nc3 20. Nxb4 Nxe2+ 21. Qxe2 Qxb4 22. a3 Qb6 23. Qb2 f6 24. Bd4 Qd8 25. b4 Rc8 26. a4 e5 27. Be3 Qd7 28.
Qb3 Kh8 29. b5 d4 30. Bxb7 Qxb7 31. Bd2 e4 32. a5 Bc5 33. a6 Qb6 34. Ba5 Qa7 35.
Bb4 e3 36. fxe3 dxe3 37. Bxc5 Rxc5 38. Rxc5 Qxc5 39. Qa3 Qc8 40. Qxe3 Re8 41. Qf2 1-0

[Event "Late-Titled-Tuesday-Blitz-May-28-2024"]
[Site "Chess.com"]
[Date "2024.05.28"]
[Round "8"]
[White "Hikaru"]
[Black "Konavets"]
[Result "1/2-1/2"]
[WhiteElo "3223"]
[BlackElo "3113"]
[TimeControl "180+1"]
[EndTime "15:28:22 PDT"]
[Termination "Game drawn by repetition"]

1. e4 e5 2. Bc4 Nc6 3. d3 Nf6 4. Nc3 Bb4 5. Ne2 d5 6. exd5 Nxd5 7. O-O Nxc3 8. bxc3 Be7 9. f4 O-O 10. f5 Na5 11.
Bb3 c5 12. Ng3 c4 13. dxc4 Bc5+ 14. Kh1 Qxd1 15. Rxd1 b6 16. Ne4 Bxf5 17. Nxc5 bxc5 18. Be3 Be6 19. Rd6 Rfc8 20. Ra6 Nxc4 21. Rxe6 Nxe3 22. Rxe5 Ng4 23. Rg5 Nf2+ 24. Kg1 c4 25.
Kxf2 cxb3 26. cxb3 Rxc3 27. Re1 Rc6 28. Ra5 a6 29.
Re4 Rd8 30. h3 g6 31. Re2 Kg7 32. b4 h5 33. Rb2 Rd4 34. a4 Rb6 35. b5 axb5 36.
axb5 Rd5 37. Ke3 Re6+ 38. Kf2 Rf5+ 39. Kg3 Rb6 40. Kh2 Re5 41. Rb4 Rd5 42. Rb3 Re5 43. Rb2 Rf5 44. Rb1 Re5 45. Rb3 Rf5 46. Rb2 Re5 47. Rb3 Rd5 48. Rb4 Re5 49. Rb1 Rf5 50. g4 hxg4 51. hxg4 Re5 52. Rb3 g5 53. Kg3 f6 54. Ra7+ Kg6 55. Rc3 Rexb5 56. Rcc7 Rb3+ 57. Kf2 Rb2+ 58. Ke3 R2b3+ 59. Kf2 Rb2+ 60. Ke3 R6b3+ 61.
Kd4 Rb4+ 62. Kc3 R2b3+ 63. Kc2 Rb2+ 64. Kc3 R2b3+ 65. Kc2 Rb2+ 66. Kc3 1/2-1/2

[Event "Late-Titled-Tuesday-Blitz-May-28-2024"]
[Site "Chess.com"]
[Date "2024.05.28"]
[Round "8"]
[White "kirillshevchenko"]
[Black "Polish_fighter3000"]
[Result "0-1"]
[WhiteElo "2903"]
[BlackElo "3114"]
[TimeControl "180+1"]
[EndTime "15:28:22 PDT"]
[Termination "Polish_fighter3000 won by resignation"]

1. e4 c6 2. d4 d5 3. exd5 cxd5 4. c4 Nf6 5. Nc3 Nc6 6. Nf3 Bg4 7. cxd5 Nxd5 8. Qb3 Bxf3 9. gxf3 Nb6 10. d5 Nd4 11.
Bb5+ Nxb5 12. Qxb5+ Qd7 13. O-O Qxb5 14. Nxb5 Nxd5 15.
Be3 e6 16. Bxa7 Be7 17. Rac1 O-O 18. Rc4 b6 19. Rfc1 g5 20. a3 Bf6 21. b4 Bb2 22.
Rb1 Bxa3 23. Rb3 Rfc8 24. Rxc8+ Rxc8 25. h4 Bc1 26. hxg5 Bxg5 27. Rb1 Be7 28. Nd4 Rc4 29.
Rd1 Bxb4 30. Kg2 Bd6 31. Nb5 Be5 32. Re1 f6 33. Re4 Rc5 34. Rg4+ Kf7 35. Nd4 h5 36. Rh4 Rc4 0-1

[Event "Late-Titled-Tuesday-Blitz-May-28-2024"]
[Site "Chess.com"]
[Date "2024.05.28"]
[Round "8"]
[White "simaopdias"]
[Black "emeli_chess"]
[Result "0-1"]
[WhiteElo "2247"]
[BlackElo "2414"]
[TimeControl "180+1"]
[EndTime "15:28:23 PDT"]
[Termination "emeli_chess won by checkmate"]

1. e4 c5 2. Nf3 d6 3. d4 cxd4 4. Nxd4 Nf6 5. Nc3 a6 6. Be2 e6 7.
Bg5 Be7 8. f4 O-O 9. Bf3 Qc7 10.
Qd2 Nc6 11. O-O-O Nxd4 12. Qxd4 Rb8 13. e5 dxe5 14. fxe5 Ne8 15. h4 b5 16. Ne4 Bb7 17.
Nf6+ Kh8 18. Nd7 Rc8 19. Qd3 Bb4 20. a3 Bc5 21. Nxf8 Bxf8 22. Bxb7 Qxb7 23. h5 Nc7 24. h6 g6 25. Bf6+ Kg8 26. Qd8 Nd5 27. Qa5 Qc6 28. Qd2 a5 29. Kb1 b4 30. axb4 axb4 31. Bg7 Ra8 32. Kc1 Ra1# 0-1

[Event "Late-Titled-Tuesday-Blitz-May-28-2024"]
[Site "Chess.com"]
[Date "2024.05.28"]
[Round "8"]
[White "ansko1999"]
[Black "carokannlover213"]
[Result "1/2-1/2"]
[WhiteElo "2610"]
[BlackElo "2748"]
[TimeControl "180+1"]
[EndTime "15:28:27 PDT"]
[Termination "Game drawn by agreement"]

1. c4 g6 2. g3 Bg7 3. Bg2 c5 4. Nc3 Nc6 5. a3 a6 6. d3 e6 7. e4 Nge7 8. Nge2 O-O 9. a4 d6 10. Be3 Rb8 11. O-O Nd4 12. Rb1 Nec6 13. Qd2 Qa5 14. b3 Bd7 15. Rfd1 b5 16. axb5 axb5 17.
Bxd4 Nxd4 18. Nxd4 Bxd4 19. Nxb5 Qxd2 20. Rxd2 Bxb5 21.
cxb5 Rxb5 22. Bf3 Rfb8 23. Bd1 Ra5 24. Rc2 Ra3 25. Re2 Kg7 26. Kg2 Kf6 27. h4 h6 28. Kf3 Rba8 29. Rc2 Ra1 30. Rcc1 R1a2 31. Be2 g5 32. hxg5+ hxg5 33. g4 Rh8 34. Rh1 Rb8 35.
Rhf1 Ke5 36. Rfc1 Rh8 37. Rh1 Rha8 38. Rh7 f6 39. b4 Rxe2 40. Kxe2 Ra2+ 41. Kd1 Rxf2 42. b5 c4 43. dxc4 Bb6 44. Rb7 Ba5 45. Ra7 Bc3 46. b6 Kd4 47. Ra3 1/2-1/2

[Event "Late-Titled-Tuesday-Blitz-May-28-2024"]
[Site "Chess.com"]
[Date "2024.05.28"]
[Round "8"]
[White "Kombinator01"]
[Black "ozates"]
[Result "0-1"]
[WhiteElo "2480"]
[BlackElo "2624"]
[TimeControl "180+1"]
[EndTime "15:28:27 PDT"]
[Termination "ozates won by checkmate"]

1. e4 c5 2. c3 d5 3. exd5 Nf6 4.
Qa4+ Nbd7 5. Bc4 g6 6. Nf3 Bg7 7. Qb3 O-O 8. O-O Nb6 9. d3 Nfxd5 10. a4 Bf5 11. Re1 Nxc4 12. Qxc4 Rc8 13. Bg5 Re8 14.
Na3 Nb6 15. Qh4 f6 16. Be3 Qxd3 17. Rad1 Qe4 18. Qg3 Qxa4 19. Nd2 Nd5 20. Ndc4 Nxe3 21. Qxe3 b5 22. Nd2 b4 23. Nac4 Qb5 24. Ra1 Rcd8 25. Rxa7 Rd3 26. Qe2 bxc3 27. bxc3 Rxc3 28. Rxe7 Rxe7 29.
Qxe7 Rxc4 30. Qd8+ Bf8 31. Qd5+ Kg7 32. Nxc4 Qb4 33. Ra1 Qc3 34. Ra7+ Kh6 35. h3 Qe1+ 36.
Kh2 Qxf2 37. Qg8 Qf4+ 38. Kg1 Qc1+ 39. Kh2 Qf4+ 40. Kg1 Qc1+ 41. Kf2 Qf4+ 42. Ke2 Qe4+ 43. Ne3 Qd3+ 44. Kf3 Be4+ 45. Kf2 Qd2+ 46. Kg3 Qxe3+ 47.
Kh2 Bd6+ 48. Kh1 Qe1# 0-1

[Event "Late-Titled-Tuesday-Blitz-May-28-2024"]
[Site "Chess.com"]
[Date "2024.05.28"]
[Round "8"]
[White "Arteler"]
[Black "OIAM03"]
[Result "0-1"]
[WhiteElo "2206"]
[BlackElo "2035"]
[TimeControl "180+1"]
[EndTime "15:28:27 PDT"]
[Termination "OIAM03 won on time"]

1. Nf3 Nf6 2. c4 g6 3. Nc3 d5 4. d4 Bg7 5. g3 O-O 6. Bg2 dxc4 7. O-O c6 8. a4 Be6 9. e4 Bg4 10. e5 Nd5 11. Qe2 Nd7 12. Qxc4 N7b6 13. Qb3 Qc7 14.
a5 Nxc3 15. axb6 Ne2+ 16. Kh1 Nxc1 17. Rfxc1 axb6 18. h3 Be6 19. d5 Bd7 20. Rxa8 Rxa8 21. Qb4 Bxe5 22. Nxe5 Qxe5 23. Qxb6 cxd5 24. Qxb7 Rd8 25.
Qc7 Qxc7 26. Rxc7 e6 27. b4 Bb5 28. Rb7 Bc4 29. b5 d4 30. b6 d3 31. Rc7 d2 32.
Bf3 Bd5 0-1

[Event "Late-Titled-Tuesday-Blitz-May-28-2024"]
[Site "Chess.com"]
[Date "2024.05.28"]
[Round "8"]
[White "NeverGiveUppp"]
[Black "RandomNoob04"]
[Result "0-1"]
[WhiteElo "2606"]
[BlackElo "2783"]
[TimeControl "180+1"]
[EndTime "15:28:28 PDT"]
[Termination "RandomNoob04 won on time"]

1. e4 d5 2. exd5 Qxd5 3. Nc3 Qa5 4. b4 Qxb4 5. Rb1 Qd6 6. Nf3 Nf6 7. d4 g6 8. Ne5 Bg7 9. Bf4 Qd8 10. Bc4 O-O 11. O-O c6 12. Re1 Nbd7 13. Qe2 Nb6 14. Bb3 Nbd5 15. Nxd5 Nxd5 16. Bd2 Be6 17. c4 Nb6 18. Bc3 Qc7 19. a4 Rfd8 20. a5 Nd7 21. Nf3 Nf6 22.
Rbd1 Re8 23. Qb2 Bg4 24. Ne5 Bxd1 25. Rxd1 Nd7 26. Nf3 Rad8 27. Qe2 c5 28. Ba4 cxd4 29. Nxd4 a6 30. h4 h5 31. Ne6 fxe6 32. Qxe6+ Kh7 33. Bxg7 Kxg7 34. Rxd7 Rxd7 35. Bxd7 Rf8 36. Ba4 Qxa5 37. Bc2 Qa1+ 38. Kh2 Qf6 0-1

[Event "Late-Titled-Tuesday-Blitz-May-28-2024"]
[Site "Chess.com"]
[Date "2024.05.28"]
[Round "8"]
[White "Connectedcloud"]
[Black "wild3000"]
[Result "1-0"]
[WhiteElo "2236"]
[BlackElo "2370"]
[TimeControl "180+1"]
[EndTime "15:28:28 PDT"]
[Termination "Connectedcloud won by checkmate"]

1. e4 c6 2. d4 d5 3. Nc3 dxe4 4. Nxe4 Nf6 5. Nxf6+ gxf6 6. Nf3 Bg4 7. Be2 Nd7 8. h3 Bh5 9. c3 Qc7 10. g4 Bg6 11. Be3 e6 12. Nh4 Bd6 13. Qd2 O-O-O 14. Nxg6 hxg6 15. O-O-O g5 16. Kb1 Nb6 17. c4 c5 18. Qa5 Nd7 19. Qxa7 Qb8 20. Qa4 Qc7 21. Bf3 Kb8 22. Bg2 Rc8 23. dxc5 Nxc5 24. Qb5 f5 25. Bxc5 Bxc5 26. Rd7 Qxd7 27. Qxd7 Rc7 28. Qb5 Bxf2 29.
Rd1 fxg4 30. hxg4 Bg3 31. Rd7 Rhc8 32. Qxb7+ Rxb7 33. Rxb7+ Ka8 34. Rxf7+ Kb8 35. Rb7+ Ka8 36. Rb3+ Ka7 37. Rxg3 Rxc4 38. a3 Kb6 39. Ka2 e5 40.
Bd5 Rd4 41. Be6 Kc5 42. Re3 Kd6 43. Bf5 Kd5 44. b4 Rd2+ 45. Kb3 Rd4 46. a4 Kd6 47. a5 Kd5 48. Rd3 e4 49. Rxd4+ Kxd4 50. Bxe4 Kxe4 51. a6 Kf4 52. a7 Kxg4 53. a8=Q Kg3 54. Qh1 g4 55. b5 Kf2 56. b6 g3 57. b7 g2 58.
Qxg2+ Kxg2 59. b8=Q Kf2 60. Qf4+ Ke2 61. Kc3 Kd1 62.
Qf1# 1-0

[Event "Late-Titled-Tuesday-Blitz-May-28-2024"]
[Site "Chess.com"]
[Date "2024.05.28"]
[Round "8"]
[White "LiemLe"]
[Black "Jahonas"]
[Result "1-0"]
[WhiteElo "3015"]
[BlackElo "2467"]
[TimeControl "180+1"]
[EndTime "15:28:29 PDT"]
[Termination "LiemLe won by resignation"]

1. c4 Nf6 2. g3 e6 3. Bg2 d5 4. Nf3 Be7 5. O-O O-O 6. b3 c6 7. Bb2 Nbd7 8. Nc3 b6 9. Qc2 Bb7 10. e4 dxc4 11. bxc4 c5 12. Rad1 Qc8 13. d3 Rd8 14.
Ne1 Ne5 15. Ne2 Nc6 16. f4 Ne8 17. g4 Bf6 18. e5 Be7 19. a3 Nd4 20. Nxd4 cxd4 21.
Qf2 Bc5 22. f5 exf5 23. gxf5 Qc7 24. Bxb7 Qxb7 25. Nf3 Qd7 26. Ng5 Nc7 27. Qh4 h6 28. Ne4 Bf8 29. Kh1 Qe7 30. Qg3 Kh8 31. Rde1 Qe8 32.
Rf3 Qc6 33. Rg1 b5 34. c5 Nd5 35. Bxd4 a5 36. e6 f6 37. Nxf6 Nxf6 38. Bxf6 Ra7 39. Bxd8 Bxc5 40. Re1 Be7 41. Bxe7 Rxe7 42. Re4 Qc1+ 43. Kg2 Qxa3 44. f6 gxf6 45. Rxf6 Rg7 46. Rxh6+ Kg8 47. Rg6 Qb2+ 48. Kh3 1-0

[Event "Late-Titled-Tuesday-Blitz-May-28-2024"]
[Site "Chess.com"]
[Date "2024.05.28"]
[Round "8"]
[White "dolynachess"]
[Black "jinxy2009"]
[Result "1-0"]
[WhiteElo "2510"]
[BlackElo "2288"]
[TimeControl "180+1"]
[EndTime "15:28:29 PDT"]
[Termination "dolynachess won by resignation"]

1. d4 d5 2. c4 c6 3. Nf3 Nf6 4. g3 e6 5. Bg2 dxc4 6. O-O Be7 7. Nc3 O-O 8. e4 b5 9. a4 b4 10. e5 Nd5 11. Ne4 f5 12. exf6 Nxf6 13. Ne5 Ba6 14.
Ng5 Qd6 15. Bf4 Nd5 16. Nxc4 Qd8 17. Nxe6 Qc8 18. Qg4 g6 19. Ne5 Nf6 20. Qh3 Bxf1 21. Rxf1 Re8 22. Rc1 Bd6 23. Nxc6 Nxc6 24. Rxc6 Qxe6 25.
Rxd6 Qxh3 26. Bxh3 Rad8 27. Rxf6 Rxd4 28. Be3 Rd1+ 29.
Kg2 Rb1 30. Bd4 Rd1 31. Bxa7 Rd2 32. b3 Rd3 33. Rb6 Rxb3 34. Be6+ Rxe6 35. Rxe6 Ra3 36. Rb6 Rxa4 37. Bb8 Kg7 38. Bd6 1-0

[Event "Late-Titled-Tuesday-Blitz-May-28-2024"]
[Site "Chess.com"]
[Date "2024.05.28"]
[Round "8"]
[White "DeTimmerman"]
[Black "yaguigor"]
[Result "1-0"]
[WhiteElo "2753"]
[BlackElo "2587"]
[TimeControl "180+1"]
[EndTime "15:28:31 PDT"]
[Termination "DeTimmerman won on time"]

1. b4 d5 2. Bb2 Bg4 3. Nf3 Nd7 4.
b5 e6 5. e3 Ngf6 6. c4 c6 7.
a4 Bd6 8. Be2 O-O 9. O-O e5 10. d4 exd4 11. Nxd4 Bxe2 12. Qxe2 c5 13. Nf3 dxc4 14. Qxc4 Qe7 15. Nbd2 b6 16. Rfd1 Rad8 17.
a5 Ne5 18. Nxe5 Bxe5 19. Bxe5 Qxe5 20. Nf3 Qe4 21. Qa2 Nd5 22. Qb2 bxa5 23. Rxa5 Nxe3 24.
Re1 Nc4 25. Qc1 Qd5 26. Rxa7 Rb8 27. Rd1 Qe6 28. Ng5 Qb6 29. Rxf7 Qxb5 30. Qc2 g6 31.
Rxh7 Ne5 32. Qe4 Qb3 33. Rf1 Rbe8 34. f4 Qc4 35. Qb7 Rf7 36. Nxf7 Nxf7 37. Rh3 Qd4+ 38. Kh1 Qxf4 39. Rhf3 1-0

[Event "Late-Titled-Tuesday-Blitz-May-28-2024"]
[Site "Chess.com"]
[Date "2024.05.28"]
[Round "8"]
[White "katharinareinecke"]
[Black "ritanovikova"]
[Result "1-0"]
[WhiteElo "1956"]
[BlackElo "2153"]
[TimeControl "180+1"]
[EndTime "15:28:31 PDT"]
[Termination "katharinareinecke won by resignation"]

1. d4 e5 2. dxe5 Nc6 3. Bf4 Qe7 4. Nf3 Qb4+ 5. Bd2 Qxb2 6. Nc3 Nb4 7. Nd4 c5 8. Rb1 Qa3 9. Rb3 Qa5 10. Ndb5 a6 11. Nd6+ Bxd6 12. exd6 Qd8 13. a3 Nc6 14. Nd5 Kf8 15.
e4 h6 16. Bc4 Nf6 17. O-O b5 18.
Be2 Nxe4 19. Rf3 Nd4 20. Rf4 Nxd6 21. Bc3 Qg5 22. Bxd4 cxd4 23. Qxd4 h5 24. h4 Qe7 25. Nxe7 Kxe7 26. Re4+ Nxe4 27. Qxe4+ Kf6 28. Qxa8 Re8 29. Qf3+ Ke7 30. Bd3 Kd8 31. Kh2 d6 32. Qc6 Bd7 33. Qxd6 Re6 34. Qf8+ Be8 35. Qxg7 Rg6 36. Qd4+ Ke7 37.
Bxg6 fxg6 38. Re1+ 1-0

[Event "Late-Titled-Tuesday-Blitz-May-28-2024"]
[Site "Chess.com"]
[Date "2024.05.28"]
[Round "8"]
[White "SharathRk6"]
[Black "GianmarcoVaR"]
[Result "0-1"]
[WhiteElo "2534"]
[BlackElo "2713"]
[TimeControl "180+1"]
[EndTime "15:28:33 PDT"]
[Termination "GianmarcoVaR won by resignation"]

1. e4 c5 2. Nf3 d6 3. d4 cxd4 4.
Nxd4 Nf6 5. Nc3 a6 6. Be3 e5 7.
Nb3 Be7 8. f3 Be6 9. Qd2 h5 10.
Nd5 Bxd5 11. exd5 Nbd7 12. O-O-O O-O 13. Kb1 Nb6 14. Bxb6 Qxb6 15. Qa5 Bd8 16. Qxb6 Bxb6 17. c4 g6 18. Bd3 Kg7 19. Rhe1 h4 20. Nd2 Ba5 21.
Re2 Nh5 22. Nb3 Bc7 23. Rc2 f5 24. c5 Kf6 25. c6 b5 26. Nc1 Rfe8 27. Be2 Ke7 28. Nd3 Kd8 29. f4 Nxf4 30. Nxf4 exf4 31. Rf1 g5 32. g3 hxg3 33. hxg3 Bb6 34. gxf4 g4 35. Bd3 Rf8 36. Re2 Ra7 37. Re6 Bc5 38. Rg6 Re7 39. Rg5 Ref7 40. Re1 Kc7 41. a3 a5 42. Bxb5 Kb6 43. Bd3 a4 44. Bc2 Ka5 45. Re6 Rb8 46. Ka2 Bd4 47. b4+ axb3+ 48. Bxb3 Bc5 49.
Reg6 Rh7 50. Rg8 Rh2+ 51. Ka1 Rxb3 52. Ra8+ Kb5 53. Rb8+ Kc4 54. Rxb3 Kxb3 0-1

[Event "Late-Titled-Tuesday-Blitz-May-28-2024"]
[Site "Chess.com"]
[Date "2024.05.28"]
[Round "8"]
[White "Masterisback04"]
[Black "laskakid"]
[Result "1-0"]
[WhiteElo "2146"]
[BlackElo "2335"]
[TimeControl "180+1"]
[EndTime "15:28:33 PDT"]
[Termination "Masterisback04 won by checkmate"]

1. e4 d6 2. d4 Nf6 3. Nc3 e5 4. Nf3 Nbd7 5. Bc4 Be7 6. g4 Nxg4 7. Rg1 Nb6 8. Bb3 exd4 9. Nxd4 Bf6 10. Nf5 Bxf5 11.
exf5 Ne5 12. Qe2 Qe7 13. Kf1 O-O-O 14. a4 Nbd7 15. Nd5 Qf8 16. a5 a6 17. f4 Nc6 18.
Ba4 Nd4 19. Qc4 c6 20. Nxf6 gxf6 21. Qxd4 Qh6 22. Ra3 Nc5 23. Qc4 Rhe8 24. Rf3 Re4 25. Qxf7 Rxa4 26. Rg8 Rxg8 27. Qxg8+ Kc7 28. Qf7+ Kb8 29.
Qe8+ Ka7 30. Be3 Re4 31. Qxe4 Qh3+ 32. Rxh3 b6 33. Bxc5 bxc5 34. Qe7+ Kb8 35. Rxh7 Kc8 36. Rh8# 1-0

[Event "Late-Titled-Tuesday-Blitz-May-28-2024"]
[Site "Chess.com"]
[Date "2024.05.28"]
[Round "8"]
[White "WPWPWP-2015"]
[Black "ZachHKL"]
[Result "0-1"]
[WhiteElo "2503"]
[BlackElo "2385"]
[TimeControl "180+1"]
[EndTime "15:28:35 PDT"]
[Termination "ZachHKL won on time"]

1. e4 c5 2. Nf3 d6 3. d4 cxd4 4. Nxd4 Nf6 5. Nc3 g6 6. Bg5 Bg7 7. Bc4 O-O 8. Qd2 Nc6 9. Nde2 Qb6 10. Bb3 Qa5 11. h4 h5 12. Bh6 Nxe4 13. Nxe4 Bxh6 14. Qxa5 Nxa5 15. Nd4 Bg7 16. O-O-O Nxb3+ 17. axb3 Bd7 18. f3 a5 19. Nc3 Rab8 20. Nd5 e6 21. Nb6 Rfd8 22.
Nc4 d5 23. Nb6 Be8 24. g4 Rd6 25. Na4 b5 26. Nc5 Rc8 27. b4 axb4 28. Ncb3 e5 29. Ne2 hxg4 30. fxg4 Rdc6 31. Rd2 Bd7 32. g5 Bf5 33. c3 bxc3 34. bxc3 d4 35. Ra2 b4 36. Na5 Ra6 37. Ra4 bxc3 38. Ng3 Rca8 39. Nxf5 gxf5 40. Kc2 Rxa5 41. Rb4 Ra2+ 42. Kd3 Rd2+ 43. Kc4 Rc8+ 44. Kd5 c2 45. Rc1 Rd1 46. Rxc2 Rxc2 47. h5 Rg2 48. h6 Bh8 49. Kd6 Rxg5 50. Ke7 Rdg1 51. Rb8+ Kh7 52. Kxf7 Rg8 53. Rb7 R1g6 54. Re7 R8g7+ 55.
hxg7 Rxg7+ 56. Kf8 Rxe7 57. Kxe7 e4 58. Ke6 f4 59. Kf5 f3 60. Kxe4 f2 0-1

[Event "Late-Titled-Tuesday-Blitz-May-28-2024"]
[Site "Chess.com"]
[Date "2024.05.28"]
[Round "8"]
[White "Ramosha"]
[Black "ural58"]
[Result "1-0"]
[WhiteElo "2576"]
[BlackElo "2433"]
[TimeControl "180+1"]
[EndTime "15:28:36 PDT"]
[Termination "Ramosha won by resignation"]

1. e4 d5 2. exd5 Qxd5 3. Nc3 Qa5 4. Bc4 Nf6 5. Nge2 Nc6 6. O-O Bg4 7. d3 e5 8. h3 Be6 9. Bd2 Bxc4 10. dxc4 Qc5 11. b3 O-O-O 12. Qe1 Nd4 13. Rc1 Qa3 14. Nxd4 exd4 15.
Ne4 Nxe4 16. Qxe4 Bc5 17. Qf5+ Kb8 18. Qxf7 Qxa2 19. Bf4 Qa5 20. Bg3 g6 21. Rfe1 Qb6 22.
Re6 Bd6 23. Rce1 a5 24. Bxd6 Rxd6 25. R6e5 Rdd8 26. Rb5 Qc6 27. Re6 Qd7 28. Qxd7 Rxd7 29. Rxa5 d3 30. cxd3 Rxd3 31. b4 Rd1+ 32. Kh2 Rf8 33. f3 Rd2 34. Kg3 b6 35. Rae5 Kb7 36. c5 b5 37. Re7 Rd4 38. R5e6 Rxb4 39. Rb6+ Kc8 40. Rc6 Ra4 41. Rcxc7+ Kb8 42. Rb7+ Ka8 43. Rxb5 h5 44. h4 Rd8 45. Rg7 Rdd4 46. Rxg6 Rxh4 47. Rbb6 Rhc4 48. Ra6+ Rxa6 49. Rxa6+ Kb7 50. Rh6 Rxc5 51. Kh4 Rc2 52. g3 Rh2+ 53. Kg5 Rh3 54. Rxh5 Rxg3+ 55. Kf4 Rg8 56. Rc5 Kb6 57. Rc1 Rf8+ 58. Kg3 Rg8+ 59.
Kf2 Rf8 60. Ke3 Re8+ 61. Kd4 Rd8+ 62. Ke5 Re8+ 63. Kd6 Rf8 64. Rb1+ Ka5 65. Rf1 1-0

[Event "Late-Titled-Tuesday-Blitz-May-28-2024"]
[Site "Chess.com"]
[Date "2024.05.28"]
[Round "8"]
[White "GMBenjaminFinegold"]
[Black "yobdc"]
[Result "1-0"]
[WhiteElo "2742"]
[BlackElo "2539"]
[TimeControl "180+1"]
[EndTime "15:28:37 PDT"]
[Termination "GMBenjaminFinegold won on time"]

1. d4 Nf6 2. c4 g6 3. Nc3 Bg7 4. e4 d6 5. Be2 O-O 6. Nf3 e5 7.
dxe5 dxe5 8. Qxd8 Rxd8 9. Bg5 Re8 10. O-O-O Na6 11. Ne1 c6 12. Nc2 Nc5 13. f3 a5 14.
Be3 Bf8 15. Rd2 Ne6 16. Rhd1 Bc5 17. Bxc5 Nxc5 18. Rd8 Bd7 19. Rxa8 Rxa8 20. b3 Be6 21. Kb2 h5 22. h4 Ne8 23. a3 Nc7 24. b4 axb4 25. axb4 Nd7 26. c5 Kf8 27. Ne3 Ke7 28. Nc4 Bxc4 29. Bxc4 Ne6 30. Bxe6 Kxe6 31. Kb3 f6 32.
Na4 Rg8 33. Kc4 g5 34. hxg5 Rxg5 35. Rd2 h4 36. Nb6 Nxb6+ 37. cxb6 Ke7 38. Ra2 Rg8 39. Ra7 Rb8 40. Kc5 Kd7 41. Ra2 Rg8 42. Rd2+ Ke7 43. Ra2 Kd7 44. b5 cxb5 45. Kxb5 Rc8 46. Ra7 Rb8 47. Kc5 Ke6 48. Ra2 Rc8+ 49. Kb5 Rc1 50. Ra7 Rb1+ 51. Kc5 Rc1+ 52. Kb5 Rb1+ 53. Ka5 Ra1+ 54.
Kb4 Rb1+ 55. Kc3 Rxb6 56. Ra8 Rb1 57. Rh8 Rg1 58. Rxh4 Rxg2 59. Rh7 Rg3 60. Rxb7 Rxf3+ 61. Kc4 Re3 62. Rb6+ Kf7 63. Rb7+ Kg6 64. Kd5 Re1 65.
Rb8 Rd1+ 66. Ke6 Rd4 67. Rg8+ Kh7 68. Rg4 Rd3 69. Kxf6 Re3 70. Kxe5 Re1 71. Kf5 Kh8 72. e5 Rf1+ 73. Ke6 Re1 74. Kf6 Rf1+ 75. Ke7 Re1 76. e6 Re2 77. Kf7 Rf2+ 78. Ke8 Re2 79. e7 Kh7 80.
Rd4 Kg7 81. Kd8 Kf7 82. Rf4+ 1-0

[Event "Late-Titled-Tuesday-Blitz-May-28-2024"]
[Site "Chess.com"]
[Date "2024.05.28"]
[Round "8"]
[White "Alphafischer2019"]
[Black "marik_spb"]
[Result "1-0"]
[WhiteElo "2660"]
[BlackElo "2518"]
[TimeControl "180+1"]
[EndTime "15:28:43 PDT"]
[Termination "Alphafischer2019 won by checkmate"]

1. Nf3 Nf6 2. g3 d5 3. Bg2 c5 4.
O-O Nc6 5. d4 e6 6. c4 Be7 7.
cxd5 Nxd5 8. Nc3 O-O 9. a3 cxd4 10. Nxd4 Nxd4 11. Qxd4 Bf6 12. Qc4 Nxc3 13. bxc3 b5 14. Qc5 Bd7 15. Bxa8 Qxa8 16. Be3 Qe4 17. f3 Qc2 18.
Bd4 Qxe2 19. Bxf6 gxf6 20. Rf2 Qd3 21. Re1 Rc8 22. Qxa7 Rxc3 23. Qb8+ Kg7 24. Qf4 Bc6 25. Qg4+ Qg6 26. Qf4 Rc4 27. Qe3 h5 28. Ref1 Bd5 29. Rg2 Qf5 30. g4 hxg4 31. fxg4 Qe4 32. Qxe4 Rxe4 33. Rg3 Re2 34. h3 Ra2 35. Rf2 Ra1+ 36. Rf1 Ra2 37. h4 Kg6 38. Rc1 Bc4 39. Rcc3 Ra1+ 40. Kh2 Ra2+ 41. Rg2 Ra1 42. Kg3 Rd1 43. Rf2 Rd4 44. Rcf3 Bd5 45. Rxf6+ Kg7 46. Rxf7+ Kg8 47. Rf8+ Kg7 48. R2f7+ Kg6 49. h5+ Kh6 50.
Rf6+ Kg7 51. R6f7+ Kh6 52. Rh8+ Kg5 53. Rg8+ Kh6 54.
Rg6# 1-0

[Event "Late-Titled-Tuesday-Blitz-May-28-2024"]
[Site "Chess.com"]
[Date "2024.05.28"]
[Round "8"]
[White "MatthewG-p4p"]
[Black "slidingknight2775"]
[Result "1-0"]
[WhiteElo "2847"]
[BlackElo "2626"]
[TimeControl "180+1"]
[EndTime "15:28:45 PDT"]
[Termination "MatthewG-p4p won by resignation"]

1. e4 c5 2. c3 Nf6 3. e5 Nd5 4.
Nf3 d6 5. Bc4 e6 6. d4 cxd4 7.
cxd4 Nc6 8. O-O Be7 9. Bd2 O-O 10. Nc3 Nxc3 11. Bxc3 dxe5 12. dxe5 Qxd1 13. Rfxd1 Rd8 14. Rxd8+ Bxd8 15. Rd1 Bb6 16. Bb5 Kf8 17. h4 h6 18.
a4 a5 19. Bxc6 bxc6 20. Rd6 Ra6 21. Nd4 Bxd4 22. Bxd4 c5 23. Bxc5 Rxd6 24. Bxd6+ Ke8 25. f3 Bd7 26. b3 Bc6 27. Kf2 Bd5 28. b4 axb4 29. Bxb4 Bc4 30. Ke3 g6 31. g4 Kd7 32.
h5 Kc6 33. Bf8 Ba2 34. Bxh6 Bb1 35. Bf8 gxh5 36. gxh5 Kd7 37. Bb4 Bf5 38. Kf4 Ke8 39. Kg5 Bd3 40. Kf6 Bh7 41. Kg7 Bd3 42. f4 Bc2 43. a5 Bh7 44. Kxh7 1-0

[Event "Late-Titled-Tuesday-Blitz-May-28-2024"]
[Site "Chess.com"]
[Date "2024.05.28"]
[Round "8"]
[White "rionelG"]
[Black "Denmark2015"]
[Result "0-1"]
[WhiteElo "2293"]
[BlackElo "2554"]
[TimeControl "180+1"]
[EndTime "15:28:45 PDT"]
[Termination "Denmark2015 won by resignation"]

1. d4 e6 2. e4 d5 3. e5 c5 4. c3 Nc6 5. Nf3 Nge7 6. Bd3 cxd4 7. cxd4 Nf5 8. Bxf5 exf5 9. O-O Be7 10. Nc3 Be6 11. Qb3 Qd7 12. Rd1 h6 13. a4 g5 14.
a5 f4 15. Ne1 Rd8 16. Nb5 Bf5 17. a6 b6 18. Bd2 O-O 19. Rac1 Rc8 20. Nd3 Rfd8 21. h4 Be4 22. f3 Bf5 23. hxg5 hxg5 24. Kf2 Kg7 25. Rh1 Rh8 26. Rcg1 Nb4 27. Nxb4 Qxb5 28.
Rc1 Rxh1 29. Rxh1 Rc2 30. Ke1 Rxd2 31. Kxd2 Qxb4+ 32. Qxb4 Bxb4+ 33. Kc1 Bd3 34. b3 Bxa6 35. Kb2 Bd3 36. Rc1 Bf5 37. Rc7 a5 38. Rc6 Bd3 39. Rc1 Kg6 40. Rh1 Bb5 41. Rd1 Bd7 42. Ra1 g4 43.
Rc1 g3 44. Rh1 Bf5 45. Rh4 Kg5 46.
Rh8 Bd3 47. Rg8+ Kf5 48. Rf8 Bxf8 0-1